 Dungeon Crawl Stone Soup version 0.21.1-1-g345015f (webtiles) character file.

10025 gyp21 the Thaumaturge (level 11, 0/86 HPs)
             Began as a Mummy Fire Elementalist on Feb 6, 2018.
             Was a Follower of Ashenzari.
             Slain by a yak (12 damage)
             ... on level 8 of the Dungeon.
             The game lasted 00:46:42 (16934 turns).

gyp21 the Thaumaturge (Mummy Fire Elementalist)    Turns: 16934, Time: 00:46:42

Health: 0/86       AC:  4    Str: 12    XL:     11   Next: 30%
Magic:  9/24       EV: 17    Int: 17    God:    Ashenzari [*.....]
Gold:   511        SH:  0    Dex: 16    Spells: 16/29 levels left

rFire    x . .     SeeInvis .   z - +9 hunting sling "Tapp" {velocity, MR+ Dex+3}
rCold    + . .     Gourm    .   (no shield)
rNeg     + + +     Faith    .   a - +0 robe
rPois    ∞         Spirit   .   (no helmet)
rElec    .         Reflect  .   (no cloak)
rCorr    .         Harm     .   g - +0 pair of gloves
MR       +++..                  o - +0 pair of boots
Stlth    ++........             (no amulet)
HPRegen  0.24/turn              h - ring of protection from magic
MPRegen  0.19/turn              (no ring)

@: no status effects
A: no food or potions, fire vulnerability, cold resistance 1, negative energy
resistance 3, torment resistance, unbreathing
a: Curse Item, Scrying, Renounce Religion


You were on level 8 of the Dungeon.
You worshipped Ashenzari.
Ashenzari was aware of your devotion.
You were not hungry.

You visited 3 branches of the dungeon, and saw 13 of its levels.

You collected 511 gold pieces.

Inventory:

Hand Weapons
 u - a +2 quarterstaff of crushing
 z - the +9 hunting sling "Tapp" (weapon) {velocity, MR+ Dex+3}
   (You found it on level 8 of the Dungeon)

   Any stone fired from it inflicts extra damage.
   It affects your dexterity (+3).
   It affects your resistance to hostile enchantments.
Missiles
 e - 208 stones (quivered)
 k - 34 sling bullets
Armour
 a - a +0 robe (worn)
 g - a +0 pair of gloves (worn)
 o - a +0 pair of boots (worn)
 t - the cursed +1 leather armour of the Mutiny {MR+ Dex+2}
   (You found it on level 7 of the Dungeon)

   It affects your dexterity (+2).
   It affects your resistance to hostile enchantments.
   It has a curse placed upon it.
 D - a +0 leather armour
Magical Staves
 v - an uncursed staff of energy
Jewellery
 h - a ring of protection from magic (left hand)
 A - an uncursed ring of protection from cold
Wands
 i - a wand of iceblast (8)
 q - a wand of paralysis (24)
 r - a wand of disintegration (11)
 s - a wand of flame (74)
Scrolls
 c - a scroll of enchant weapon
 d - 10 scrolls of teleportation
 f - 7 scrolls of remove curse
 j - a scroll of blinking {unknown}
 l - a scroll of enchant armour
 m - 3 scrolls of fog
 n - a scroll of fear
 p - a scroll of torment
 x - 2 scrolls of amnesia
 C - a scroll of identify
Books
 b - a book of Flames

   Spells                             Type                      Level
   a - Flame Tongue                   Conjuration/Fire             1
   b - Throw Flame                    Conjuration/Fire             2
   c - Conjure Flame                  Conjuration/Fire             3
   d - Inner Flame                    Hexes/Fire                   3
   e - Sticky Flame                   Conjuration/Fire             4
   f - Fireball                       Conjuration/Fire             5
 w - a book of Frost

   Spells                             Type                      Level
   a - Freeze                         Ice                          1
   b - Throw Frost                    Conjuration/Ice              2
   c - Ozocubu's Armour               Charms/Ice                   3
   d - Throw Icicle                   Conjuration/Ice              4
   e - Summon Ice Beast               Ice/Summoning                4
 y - Liogin's Volume of the Countless Wars
   (You found it on level 8 of the Dungeon)

   Spells                             Type                      Level
   a - Stone Arrow                    Conjuration/Earth            3
   b - Summon Lightning Spire         Summoning/Air                4
   c - Silence                        Hexes/Air                    5
 B - a book of Callings

   Spells                             Type                      Level
   a - Summon Small Mammal            Summoning                    1
   b - Call Imp                       Summoning                    2
   c - Call Canine Familiar           Summoning                    3
   d - Summon Guardian Golem          Hexes/Summoning              3
   e - Summon Lightning Spire         Summoning/Air                4
   f - Summon Ice Beast               Ice/Summoning                4


   Skills:
 + Level 8.0 Fighting
 + Level 6.9 Dodging
 - Level 1.5 Stealth
 + Level 9.9 Spellcasting
 + Level 6.7 Conjurations
 + Level 7.1 Fire Magic


You had 16 spell levels left.
You knew the following spells:

 Your Spells              Type           Power        Failure   Level  Hunger
a - Flame Tongue          Conj/Fire      ####.        1%          1    N/A
b - Conjure Flame         Conj/Fire      ####....     1%          3    N/A
c - Sticky Flame          Conj/Fire      ####....     4%          4    N/A
d - Fireball              Conj/Fire      ####......   13%         5    N/A

Dungeon Overview and Level Annotations

Branches:
Dungeon (11/15)            Temple (1/1) D:5            Lair (1/6) D:8
    Orc: D:9-12

Altars:
Ashenzari
Cheibriados
Dithmenos
Elyvilon
Fedhas
Gozag
Hepliaklqana
Kikubaaqudgha
Makhleb
Nemelex Xobeh
Okawaru
Qazlal
Ru
Sif Muna
Trog
Uskayaw
Vehumet
Wu Jian
Xom
Yredelemnul
Zin
The Shining One

Shops:
D:4 *(   D:7 *

Annotations:
D:4 Zorot's ghost, novice VSMo


Innate Abilities, Weirdness & Mutations

You do not eat or drink.
Your flesh is vulnerable to fire.
You are immune to poison.
Your flesh is cold resistant. (rC+)
You are immune to negative energy. (rN+++)
You are immune to unholy pain and torment.
You can survive without breathing.


Message History

Confirm with . or Enter, or press ? or * to list all spells.
Aiming: Sticky Flame
Press: ? - help, Shift-Dir - straight line, f - you, p - yak That beam is likely to hit you.
Continue anyway? [Y]es or [N]o only, please.
That beam is likely to hit you.
Continue anyway?
Okay, then.
Casting: Sticky Flame
Confirm with . or Enter, or press ? or * to list all spells.
Aiming: Sticky Flame
Press: ? - help, Shift-Dir - straight line, f - yak
Aim: a yak (heavily wounded, covered in liquid flames)
The sticky flame hits the yak.
The yak is severely wounded.
The yak is covered in liquid flames!
The yak burns!
The blink frog burns!
The yak burns!
The yak gores you!
* * * LOW HITPOINT WARNING * * *
The yak gores you but does no damage.
The yak burns!
The blink frog burns!
The yak burns!
The yak gores you!
You die...

.......# ###....#####.#.# #...
.......# #.##.# #.#.######.##
.......# #..#.### #.#...#......
.......# #..#...###..##.#.#..#.
.......# ##.#........##.#.##.#.
.......######.#.#......##.#.##.#.
.......##.....#.######.)#.#.##!##
.......##.#####.Y..F......#.##'##
.......##.######@Y#####..##.#....
.......##...)).#########.##.#...[
.......#######.# #....#(##[#....
.......##.####.# #....#.(..#....
....<.....#....####....#..###....
..........#.......+....#.<.......
..........#######.#....#.#.#.....
#####..........<#.#....#.#(......
#....####.#........'.#...#'##


You could see 2 yaks and a blink frog (burning).

Vanquished Creatures
  5 two-headed ogres
  Pikel (D:8)
  Joseph (D:7)
  A komodo dragon (D:11)
  A hornet (D:8)
  2 blink frogs
  3 hippogriffs
  A yak (D:8)
  Grum (D:8)
  A wyvern (D:8)
  An acid dragon (D:8)
  3 ice beasts
  2 orc warriors (D:8)
  An eye of draining (D:9)
  6 ogres
  2 wolves (D:8)
  2 centaurs
  A crocodile (D:8)
  2 big kobolds
  6 bullfrogs
  A wyvern zombie (D:8)
  10 killer bees (D:10)
  5 scorpions
  A water moccasin skeleton (D:7)
  4 howler monkeys
  2 crimson imps
  2 jellies (D:10)
  2 hounds
  5 orc priests
  4 bullfrog skeletons
  Ijyb (D:5)
  6 iguanas
  6 orc wizards
  5 worker ants
  A killer bee zombie (D:8)
  A hound skeleton (D:9)
  A howler monkey zombie (D:10)
  11 adders
  5 gnolls
  2 shadow imps
  5 oozes
  An adder zombie (D:8)
  2 adder skeletons
  2 worms (D:3)
  3 dart slugs
  4 leopard geckos
  16 orcs
  3 ball pythons
  14 bats
  6 giant cockroaches
  18 goblins
  5 hobgoblins
  4 jackals
  2 quokkas
  7 frilled lizards
  15 kobolds
  2 quokka zombies (D:8)
  7 rats
234 creatures vanquished.

Vanquished Creatures (others)
  2 slaves (D:8)
2 creatures vanquished.

Grand Total: 236 creatures vanquished

Notes
Turn   | Place    | Note
-------+----------+-------------------------------------------
     0 | D:1      | gyp21 the Mummy Fire Elementalist began the quest for the Orb.
     0 | D:1      | Reached XP level 1. HP: 13/13 MP: 4/4
   160 | D:1      | Reached skill level 1 in Conjurations
   283 | D:1      | Reached XP level 2. HP: 18/20 MP: 0/5
   552 | D:1      | Reached skill level 3 in Spellcasting
   959 | D:1      | Reached skill level 1 in Fighting
   959 | D:1      | Reached XP level 3. HP: 26/26 MP: 5/7
  1736 | D:2      | Found an ancient bone altar of Kikubaaqudgha.
  1772 | D:2      | Found a hazy altar of Hepliaklqana.
  1776 | D:2      | Found a blossoming altar of Fedhas.
  2151 | D:2      | Found an iron altar of Okawaru.
  2265 | D:2      | Reached XP level 4. HP: 32/32 MP: 6/9
  2719 | D:3      | Learned a level 3 spell: Conjure Flame
  2724 | D:3      | Learned a level 4 spell: Sticky Flame
  2945 | D:3      | Reached XP level 5. HP: 27/38 MP: 4/10
  3435 | D:3      | Found a stormy altar of Qazlal.
  4038 | D:4      | Reached skill level 4 in Spellcasting
  4378 | D:3      | Reached XP level 6. HP: 44/44 MP: 12/12
  4860 | D:4      | Found Wemmocan's Weapon Boutique.
  4908 | D:4      | Found Gacig's General Store.
  5066 | D:4      | Noticed Zorot's ghost (novice VSMo)
  5515 | D:5      | Entered Level 5 of the Dungeon
  5523 | D:5      | Found a staircase to the Ecumenical Temple.
  5559 | D:5      | Found a bloodstained altar of Trog.
  5559 | D:5      | Found a burning altar of Makhleb.
  5560 | D:5      | Found a hide-covered altar of Uskayaw.
  5702 | D:5      | Noticed Ijyb
  5712 | D:5      | Killed Ijyb
  5825 | D:5      | Found a glowing golden altar of the Shining One.
  6387 | D:5      | Found a sparkling altar of Nemelex Xobeh.
  6454 | D:4      | Found a deep blue altar of Sif Muna.
  6544 | D:5      | Reached XP level 7. HP: 51/51 MP: 4/14
  7554 | D:6      | Reached skill level 5 in Spellcasting
  7945 | D:6      | Found a snail-covered altar of Cheibriados.
  8341 | Temple   | Entered the Ecumenical Temple
  8391 | Temple   | Became a worshipper of Ashenzari the Shackled
  8637 | D:7      | Noticed a hippogriff
  8885 | D:6      | Killed a hippogriff
  9093 | D:7      | Noticed a hippogriff
  9154 | D:7      | Killed a hippogriff
  9154 | D:7      | Reached XP level 8. HP: 49/60 MP: 8/16
  9345 | D:7      | Reached skill level 6 in Spellcasting
  9360 | D:7      | Noticed Joseph
  9429 | D:7      | Found Bamehin's Elemental Accessories.
  9770 | D:7      | Killed Joseph
 10103 | D:7      | Got the cursed leather armour of the Mutiny {MR+ Dex+2}
 10390 | D:8      | Noticed a hornet
 10399 | D:8      | Killed a hornet
 10399 | D:8      | Reached skill level 5 in Fighting
 10399 | D:8      | Reached XP level 9. HP: 51/68 MP: 9/19
 10650 | D:8      | Reached skill level 5 in Fire Magic
 10806 | D:8      | Reached skill level 7 in Spellcasting
 11240 | D:8      | Found a staircase to the Lair.
 11293 | D:8      | Noticed a two-headed ogre
 11309 | D:8      | Killed a two-headed ogre
 11309 | D:8      | Reached skill level 5 in Dodging
 11309 | D:8      | Reached skill level 5 in Conjurations
 11649 | D:8      | Noticed a two-headed ogre
 11693 | D:8      | Killed a two-headed ogre
 11693 | D:8      | Reached skill level 8 in Spellcasting
 11798 | D:8      | Noticed a two-headed ogre
 11804 | D:8      | Reached XP level 10. HP: 76/76 MP: 14/22
 11848 | D:8      | Killed a two-headed ogre
 12140 | D:8      | Noticed Pikel
 12170 | D:8      | Killed Pikel
 12313 | D:8      | Identified Liogin's Volume of the Countless Wars
 12321 | D:8      | Learned a level 5 spell: Fireball
 12333 | D:8      | Got the hunting sling "Tapp" {velocity, MR+ Dex+3}
 12334 | D:8      | Identified the +9 hunting sling "Tapp" {velocity, MR+ Dex+3} (You found it on level 8 of the Dungeon)
 13077 | D:9      | Noticed a two-headed ogre
 13090 | D:8      | Killed a two-headed ogre
 13090 | D:8      | Reached skill level 9 in Spellcasting
 13463 | D:9      | Noticed Grum
 13648 | D:8      | Killed Grum
 14562 | D:10     | Entered Level 10 of the Dungeon
 15247 | D:10     | Reached XP level 11. HP: 84/84 MP: 24/24
 16357 | D:11     | Noticed a two-headed ogre
 16366 | D:11     | Killed a two-headed ogre
 16372 | D:11     | Noticed a purple ugly thing
 16466 | Lair:1   | Entered Level 1 of the Lair of Beasts
 16466 | Lair:1   | Reached * piety under Ashenzari
 16934 | D:8      | Slain by a yak

Skill      XL: |  1  2  3  4  5  6  7  8  9 10 11 |
---------------+----------------------------------+-----
Conjurations   | 1 2 3 4 5 6 |  6.7
Spellcasting   | 3 4 5 6 8 9 |  9.9
Fighting       | 1 2 4 5 6 7 8 |  8.0
Dodging        | 2 3 4 5 6 |  6.9
Fire Magic     | 3 4 5 6 7 |  7.1
Stealth        | |  1.5

Action                   |  1- 3 |  4- 6 |  7- 9 | 10-12 || total
-------------------------+-------+-------+-------+-------++-------
Melee: Unarmed           |     6 |       |       |       ||     6
       Short sword       |    50 |       |       |       ||    50
 Fire: Hunting sling     |    25 |   165 |   243 |   124 ||   557
 Cast: Flame Tongue      |    51 |    70 |   149 |   105 ||   375
       Sticky Flame      |       |     2 |    13 |    37 ||    52
       Conjure Flame     |       |     1 |    10 |     2 ||    13
Evoke: Staff of energy   |       |       |     5 |       ||     5
  Use: Scroll            |       |     5 |     5 |     2 ||    12
 Stab: Sleeping          |     3 |       |       |       ||     3
Armor: Robe              |    14 |    22 |    44 |    18 ||    98
Dodge: Dodged            |    69 |    62 |   144 |   121 ||   396
